 Dungeon Crawl Stone Soup version 0.26-a0-958-gf3041fb45f (webtiles) character file.

Game seed: 10268250179030396688

3124 lunkers the Geomancer (level 10, -19/70 HPs)
             Began as a Formicid Earth Elementalist on Dec 1, 2020.
             Was a Follower of Vehumet.
             Demolished by a komodo dragon (21 damage)
             ... on level 8 of the Dungeon on Dec 2, 2020.
             The game lasted 00:18:28 (10169 turns).

lunkers the Geomancer (FoEE)                       Turns: 10169, Time: 00:18:29

Health: -19/70     AC: 12    Str: 18    XL:     10   Next: 14%
Magic:  3/21       EV: 11    Int: 19    God:    Vehumet [*.....]
Gold:   458        SH:  0    Dex: 11    Spells: 13/24 levels left

rFire    . . .     SeeInvis +   E - +3 scimitar (flame)
rCold    . . .     Faith    .   (no shield)
rNeg     . . .     Spirit   .   o - +2 ring mail of Cingulaa {rCorr}
rPois    .         Reflect  .   (helmet unavailable)
rElec    .         Harm     .   (no cloak)
rCorr    +         Rampage  .   j - +0 pair of gloves
MR       +....                  (no boots)
Stlth    +.........             x - amulet of magic regeneration
HPRegen  0.21/turn              v - +6 ring of strength
MPRegen  0.42/turn              w - +4 ring of protection

@: lethally poisoned (-19 -> -22)
A: permanent stasis, dig shafts and tunnels, four strong arms, antennae 3
a: Dig, Shaft Self, Renounce Religion


You were on level 8 of the Dungeon.
You worshipped Vehumet.
Vehumet was aware of your devotion.
You visited 2 branches of the dungeon, and saw 9 of its levels.

You collected 458 gold pieces.

Inventory:

Hand Weapons
 b - a +0 mace of draining
 f - a +0 spear
 k - a +3 mace
 y - a +2 whip of flaming
 E - a +3 scimitar of flaming (weapon)
Missiles
 n - 67 stones (quivered)
Armour
 c - a +0 robe
 j - a +0 pair of gloves (worn)
 o - the +2 ring mail of Cingulaa (worn) {rCorr}
   (You found it on level 6 of the Dungeon)

   It provides partial protection from all sources of acid and corrosion.
Jewellery
 v - a +6 ring of strength (left hand)
 w - a +4 ring of protection (right hand)
 x - an amulet of magic regeneration (around neck)
Wands
 A - a wand of polymorph (11)
 D - a wand of flame (25)
Scrolls
 a - a scroll of blinking {unknown}
 d - 2 scrolls of enchant armour {unknown}
 e - 2 scrolls of magic mapping {unknown}
 i - 7 scrolls of teleportation {unknown}
 l - 4 scrolls of remove curse {unknown}
 m - a scroll of silence {unknown}
 q - a scroll of noise {unknown}
 s - 2 scrolls of fear {unknown}
 t - a scroll of fog {unknown}
 B - a scroll of amnesia {unknown}
 C - 2 scrolls of identify
Potions
 g - 3 potions of curing
 h - 2 potions of mutation
 p - 3 potions of flight
 r - a potion of cancellation
 u - a potion of might
 z - a potion of heal wounds


   Skills:
 + Level 3.2 Fighting
 - Level 1.7 Dodging
 - Level 2.4 Stealth
 + Level 7.7 Spellcasting
 - Level 2.0 Conjurations
 - Level 1.1 Transmutations
 * Level 12.7 Earth Magic


You had 13 spell levels left.
You knew the following spells:

 Your Spells              Type           Power        Failure   Level
a - Stone Arrow           Conj/Erth      #####.       2%          3
b - Passwall              Tmut/Erth      ####....     1%          2
c - Sandblast             Erth           ######       1%          1
d - Lee's Rapid Deconstr  Erth           ######....   2%          5

Your spell library contained the following spells:

 Spells                   Type           Power        Failure   Level
 Foxfire                  Conj/Fire      ##..         11%         1
 Magic Dart               Conj           ##..         8%          1
 Petrify                  Tmut/Erth      ####....     10%         4
 Call Imp                 Summ           #.......     26%         2
 Slow                     Hex            #.......     26%         2
 Conjure Flame            Conj/Fire      ##......     32%         3
 Mephitic Cloud           Conj/Pois/Air  #.......     36%         3
 Blink                    Tloc           Unusable     N/A         2

Dungeon Overview and Level Annotations

Branches:
Dungeon (8/15)             Temple (1/1) D:4            Lair (0/6) D:8

Altars:
Ashenzari
Cheibriados
Dithmenos
Elyvilon
Fedhas
Gozag
Hepliaklqana
Kikubaaqudgha
Makhleb
Nemelex Xobeh
Okawaru
Qazlal
Ru
Sif Muna
Trog
Uskayaw
Vehumet
Wu Jian
Xom
Yredelemnul
Zin
The Shining One

Shops:
D:5 *

Annotations:
D:6 2 transporters


Innate Abilities, Weirdness & Mutations

You cannot be hasted, slowed, berserked, paralysed or teleported.
You can dig through walls and to a lower floor.
Your four strong arms can wield two-handed weapons with a shield.
You have a pair of large antennae on your head. (SInv)


Message History

Aiming: Sandblast (safe; 1% risk of failure)
Press: ? - help, Shift-Dir - straight line, f/p - komodo dragon
Aim: a komodo dragon (moderately wounded, 12% to evade)
The blast of sand hits the komodo dragon but does no damage.
The komodo dragon is moderately wounded.
n - 67 stones
* * * LOW MAGIC WARNING * * *
You feel sick. The komodo dragon barely misses you.
Unknown command.
Okay, then.
You feel sick.
Evoke which item? (* to show all) (? for menu, Esc to quit)
Okay, then.
Are you sure you want to shaft yourself?
The komodo dragon bites you!
* * * LOW HITPOINT WARNING * * *
You begin to dig a shaft.
You continue digging a shaft.
* * * LOW HITPOINT WARNING * * *
You feel sick. The komodo dragon bites you!!
You die...

#.......#.##...#
####...#.##.#.#
.........##.#.#
###...........#
#.#.......###
#.###.#####
#.....# #####.#
#@# #l# #c##
#..# ######.##
#.......#
#.#####.## #.(#
##.#


You could see a komodo dragon and a centaur.

Vanquished Creatures
  Erica (D:8)
  Pikel (D:5)
  An orc warrior (D:6)
  A black bear (D:6)
  2 ogres
  3 phantoms
  A sky beast (D:5)
  2 bullfrogs (D:6)
  Blork the orc (D:6)
  3 killer bees (D:8)
  A bullfrog zombie (D:5)
  4 jellies
  2 orc priests
  3 hounds
  3 centaur skeletons (D:4)
  An iguana (D:4)
  7 orc wizards
  5 worker ants
  A killer bee zombie (D:8)
  2 worker ant zombies (D:5)
  7 gnolls
  6 adders
  3 oozes
  A worm (D:4)
  3 dart slugs
  11 leopard geckos
  15 orcs
  5 giant cockroaches
  9 goblins
  12 hobgoblins
  5 jackals
  5 kobolds
  3 quokkas
  8 bats
  5 frilled lizards
  A leopard gecko zombie (D:6)
  A quokka zombie (D:5)
  7 rats
152 creatures vanquished.

Vanquished Creatures (others)
  39 plants (D:8)
39 creatures vanquished.

Grand Total: 191 creatures vanquished

Notes
Turn   | Place    | Note
-------+----------+-------------------------------------------
     0 | D:1      | lunkers the Formicid Earth Elementalist began the quest for
                  | the Orb.
     0 | D:1      | Reached XP level 1. HP: 13/13 MP: 3/3
     1 | D:1      | Noticed a vine stalker
     1 | D:1      | Noticed a vine stalker
     3 | D:1      | Noticed a dwarf
     3 | D:1      | Noticed a centaur
    12 | D:1      | Noticed a human
    14 | D:1      | Noticed a dwarf
    14 | D:1      | Noticed an octopode
    16 | D:1      | Noticed a draconian
    16 | D:1      | Noticed a gargoyle
    18 | D:1      | Noticed a vine stalker
    18 | D:1      | Noticed a draconian
    20 | D:1      | Noticed a felid
    22 | D:1      | Noticed a felid
   162 | D:1      | Reached skill level 4 in Earth Magic
   162 | D:1      | Reached XP level 2. HP: 19/19 MP: 1/5
   538 | D:1      | Reached XP level 3. HP: 24/24 MP: 2/6
   541 | D:1      | Learned a level 2 spell: Passwall
   545 | D:1      | Learned a level 3 spell: Stone Arrow
  1362 | D:2      | Reached skill level 5 in Earth Magic
  1362 | D:2      | Reached XP level 4. HP: 18/30 MP: 2/8
  1972 | D:2      | Found an ancient bone altar of Kikubaaqudgha.
  2236 | D:3      | Reached skill level 1 in Conjurations
  2262 | D:3      | HP: 2/45 [poisoned by an adder]
  2575 | D:3      | Reached XP level 5. HP: 35/35 MP: 5/9
  2825 | D:2      | HP: 1/35 [orc (3)]
  3570 | D:3      | Found an iron altar of Okawaru.
  3575 | D:3      | Noticed a phantom
  3911 | D:3      | Reached skill level 6 in Earth Magic
  4041 | D:3      | Found a basalt altar of Yredelemnul.
  4042 | D:3      | Found an ornate altar of the Wu Jian Council.
  4175 | D:3      | Reached XP level 6. HP: 33/41 MP: 1/11
  4322 | D:3      | Killed a phantom
  5365 | D:4      | Found a staircase to the Ecumenical Temple.
  5370 | Temple   | Entered the Ecumenical Temple
  5620 | Temple   | Became a worshipper of Vehumet
  5657 | D:4      | Reached skill level 7 in Earth Magic
  5720 | D:4      | Reached XP level 7. HP: 46/46 MP: 0/13
  5925 | D:4      | Found a sparkling altar of Nemelex Xobeh.
  6055 | D:4      | Learned a level 5 spell: Lee's Rapid Deconstruction
  6430 | D:4      | Found a broken altar of Ashenzari.
  6430 | D:4      | Found a sacrificial altar of Ru.
  6431 | D:4      | Found a stormy altar of Qazlal.
  6507 | D:4      | Found a snail-covered altar of Cheibriados.
  6769 | D:5      | Entered Level 5 of the Dungeon
  6802 | D:5      | Reached skill level 8 in Earth Magic
  7414 | D:5      | Reached * piety under Vehumet
  7414 | D:5      | Offered knowledge of Foxfire by Vehumet.
  7450 | D:5      | Reached XP level 8. HP: 51/52 MP: 2/15
  7539 | D:5      | Found Gozag's Platinum Reserve.
  7541 | D:5      | Found an opulent altar of Gozag.
  7571 | D:5      | Reached skill level 5 in Spellcasting
  7743 | D:5      | Reached skill level 9 in Earth Magic
  8120 | D:5      | Noticed Pikel
  8158 | D:5      | Killed Pikel
  8159 | D:5      | Reached skill level 10 in Earth Magic
  8416 | D:5      | Reached XP level 9. HP: 57/57 MP: 14/18
  8613 | D:6      | Noticed Blork the orc
  8618 | D:6      | Killed Blork the orc
  8619 | D:6      | Reached skill level 11 in Earth Magic
  8726 | D:6      | Found a transporter.
  8728 | D:6      | Found a transporter.
  8862 | D:6      | Got a faintly glowing ring mail
  8873 | D:6      | Identified the +2 ring mail of Cingulaa {rCorr} (You found
                  | it on level 6 of the Dungeon)
  9391 | D:7      | Found a hazy altar of Hepliaklqana.
  9501 | D:7      | Reached skill level 1 in Fighting
  9923 | D:8      | Noticed Erica
  9935 | D:8      | Killed Erica
  9936 | D:8      | Reached skill level 12 in Earth Magic
  9936 | D:8      | Reached XP level 10. HP: 48/69 MP: 1/21
 10148 | D:8      | Found a staircase to the Lair.
 10148 | D:8      | Noticed a komodo dragon
 10168 | D:8      | HP: 3/70 [komodo dragon (17)]
 10169 | D:8      | Demolished by a komodo dragon

Illustrated notes

Levels and vault maps discovered:
D:1:      shiori_arrival_whats_in_store_for_you, layout_basic
D:2:      wander_river, layout_rooms, lemuel_doored_altar, minmay_tripent
D:3:      layout_basic, okawaru_trees_1, gammafunk_temple_overflow_wave,
          serial_glass, glass_columns_c, glass_columns_a
D:4:      layout_basic, kennysheep_slug_shrine,
          chequers_temple_overflow_statue_of_worship, temple_doors_e,
          grunt_decor_mini_mirrors, nemelex_spade_bored_becter
D:5:      layout_loops_cross, nicolae_gozag_zags_fifth_avenue, uniq_pikel
D:6:      gammafunk_steamed_eel, layout_gridville, uniq_blork_the_orc
D:7:      layout_loops_cross, lemuel_crystal_altar
D:8:      layout_loops_cross, david_lair_shrubbed, uniq_erica
Temple:   hc_temple_tempest_star

Skill      XL: |  1  2  3  4  5  6  7  8  9 10 |
---------------+-------------------------------+-----
Earth Magic    | 4 5 6 7 8 10 12 | 12.7
Spellcasting   | 3 4 6 7 |  7.7
Conjurations   | 1 2 |  2.0
Fighting       | 2 3 |  3.2
Dodging        | |  1.7
Stealth        | |  2.4
Transmutations | |  1.1

Action                   |  1- 3 |  4- 6 |  7- 9 | 10-12 || total
-------------------------+-------+-------+-------+-------++-------
Melee: Unarmed           |    10 |       |       |       ||    10
       Spear             |    64 |    61 |       |       ||   125
       Mace              |       |    28 |    56 |       ||    84
       Scimitar          |       |       |       |     1 ||     1
 Cast: Sandblast         |    30 |     5 |    15 |     1 ||    51
       Stone Arrow       |     7 |    56 |   113 |    16 ||   192
 Abil: Shaft Self        |       |       |       |     1 ||     1
  Use: Potion            |       |     2 |       |       ||     2
       Scroll            |       |       |     7 |       ||     7
 Stab: Sleeping          |     1 |     2 |       |       ||     3
Armor: Robe              |    15 |    19 |    19 |       ||    53
       Ring mail         |       |       |    15 |     9 ||    24
Dodge: Dodged            |    68 |    74 |    57 |     6 ||   205

Table legend: (Time is in decaauts)
 A = Elapsed time spent in this place.
 B = Non-inter-level travel time spent in this place.
 C = Inter-level travel time spent in this place.
 D = Time resting spent in this place.
 E = Time spent auto-exploring this place.
 F = Levels seen in this place.
 G = Mean time per level.
                   A        B        C        D        E       F      G
               +--------+--------+--------+--------+--------+-----+--------+
         Total |  10228 |   9921 |    307 |    699 |   7629 |   9 | 1136.4 |
       Dungeon |   9951 |   9692 |    259 |    699 |   7401 |   8 | 1243.9 |
        Temple |    277 |    229 |     48 |      0 |    228 |   1 |  277.0 |
               +--------+--------+--------+--------+--------+-----+--------+

Top non-repeatable levels by time:
     D:3: 2601 daAuts
     D:5: 1732 daAuts
     D:2: 1405 daAuts
     D:1: 1302 daAuts
     D:4: 1219 daAuts
     D:6: 775 daAuts
     D:7: 631 daAuts
     D:8: 281 daAuts
  Temple: 277 daAuts
